 Dungeon Crawl Stone Soup version 0.22-a0-558-gc224181 (webtiles) character file.

7 iamserjio the Skirmisher (level 1, -1/18 HPs)
             Began as a Minotaur Skald on June 27, 2018.
             Slain by a kobold
             ... wielding a cursed +0 dagger
              (2 damage)
             ... on level 1 of the Dungeon.
             The game lasted 00:00:29 (60 turns).

iamserjio the Skirmisher (Minotaur Skald)             Turns: 60, Time: 00:00:29

Health: -1/18      AC:  4    Str: 15    XL:     1   Next: 83%
Magic:  1/1        EV: 12    Int: 10    God:
Gold:   25         SH:  0    Dex:  9    Spells: 1/2 levels left

rFire    . . .     SeeInvis .   a - +0 hand axe
rCold    . . .     Gourm    .   (no shield)
rNeg     . . .     Faith    .   b - +0 leather armour
rPois    .         Spirit   .   (helmet restricted)
rElec    .         Reflect  .   (no cloak)
rCorr    .         Harm     .   c - +0 pair of gloves
MR       .....                  (no boots)
Stlth    +.........             (no amulet)
HPRegen  0.06/turn              (no ring)
MPRegen  0.07/turn              (no ring)

@: no status effects
A: retaliatory headbutt, horns 2
a: no special abilities


You were on level 1 of the Dungeon.
You were not hungry.

You visited 1 branch of the dungeon, and saw 1 of its levels.

You collected 25 gold pieces.

Inventory:

Hand Weapons
 a - a +0 hand axe (weapon)
Armour
 b - a +0 leather armour (worn)
 c - a +0 pair of gloves (worn)
 e - a +0 pair of boots
 f - a +0 plate armour
Comestibles
 d - a ration


   Skills:
 + Level 2.7 Fighting
 + Level 2.7 Axes
 + Level 1.6 Armour
 - Level 2.1 Dodging
 - Level 1.3 Spellcasting
 - Level 2.0 Charms


You had one spell level left.
You knew the following spells:

 Your Spells              Type           Power        Failure   Level  Hunger
a - Infusion              Chrm           #...         19%         1    ##.....

Your spell library contained the following spells:

 Spells                   Type           Power        Failure   Level  Hunger
 Regeneration             Chrm/Necr      #.........   63%         3    ####...
 Shroud of Golubria       Chrm/Tloc      #.........   38%         2    ###....
 Song of Slaying          Chrm           #.......     26%         2    ###....
 Spectral Weapon          Hex/Chrm       #.......     63%         3    ####...


Dungeon Overview and Level Annotations

Branches:
Dungeon (1/15)

Altars:


Innate Abilities, Weirdness & Mutations

You reflexively headbutt those who attack you in melee.
You have a pair of horns on your head.


Message History

The goblin closely misses you. You furiously retaliate!
You headbutt the goblin, but do no damage.
You barely miss the goblin. You hit the kobold. You barely miss the hobgoblin.
The kobold hits you with a dagger. The goblin hits you but does no damage.
The hobgoblin barely misses you. The kobold hits you but does no damage.
You closely miss the goblin. You hit the hobgoblin but do no damage.
You barely miss the kobold. The goblin hits you but does no damage.
The hobgoblin hits you.
* * * LOW HITPOINT WARNING * * *
The kobold hits you with a dagger.
* * * LOW HITPOINT WARNING * * *
The goblin closely misses you. You furiously retaliate!
You headbutt the goblin!
You kill the goblin!
You closely miss the kobold.
The kobold is moderately wounded.
You hit the hobgoblin. The hobgoblin hits you.
* * * LOW HITPOINT WARNING * * *
The kobold hits you with a dagger.
You die...

....####..........#....
.....................###
......#.............###.
......##............#...
.............(.....#....
...........((##....#.#..
...........(####.....#..
.......†(.>(####...#[...
.....$K@)...##...#......
.#......g...#...^..)....
#...(........#.#.(.....
##...............###...
#......................
#.........#######.#####
#........#. #.#
#........##. ##'## +...+


You could see a hobgoblin and a kobold.

Vanquished Creatures
  A leopard gecko (D:1)
  A hobgoblin (D:1)
  A frilled lizard (D:1)
  A goblin (D:1)
  2 kobolds (D:1)
6 creatures vanquished.

Notes
Turn   | Place    | Note
-------+----------+-------------------------------------------
     0 | D:1      | iamserjio the Minotaur Skald began the quest for the Orb.
     0 | D:1      | Reached XP level 1. HP: 18/18 MP: 1/1
    60 | D:1      | Slain by a kobold

Vault maps used:
D:1:      dpeg_arrival_radiant

Action                   || total
-------------------------++-------
Melee: Hand axe          ||    13
       Headbutt          ||     1
Armor: Leather armour    ||     5
Dodge: Dodged            ||    19

Table legend:
 A = Spawn XP
 B = Non-spawn XP
 C = Spawn XP percentage of total XP
 D = Spawn monster count
 E = Non-spawn monster count
 F = Spawn count percentage of total count
 G = Total turns spent on level
                    A         B        C        D         E        F      G
               +---------+---------+-------+---------+---------+-------+---------
         Total |       0 |      10 |   0.0 |       0 |       6 |   0.0 |    60
               +---------+---------+-------+---------+---------+-------+---------
           D:1 |       0 |      10 |   0.0 |       0 |       6 |   0.0 |    60
               +---------+---------+-------+---------+---------+-------+---------
